Login

Phantoms vs Giants

Created - January 28, 2024 at 11:53

Goals
1 2 3 T
Phantoms 2 0 3 5
Giants 2 1 0 3
Shots
1 2 3 T
Phantoms 13 7 13 33
Giants 12 23 16 51

GoalsPenalties
1st period
1. Giants , Filip Forsberg 9 (Alex Pietrangelo 15, Kevin Fiala 17) at 1:48
2. Phantoms , Sebastian Aho 15 (Brady Tkachuk 21, Todd Harkness 19) at 2:20
3. Giants , El Burrito Peligroso 11 (Adam Fox 15, Sidney Crosby 17) at 5:59
4. Phantoms , Dominik Kubalik 5 (Andrew Mangiapane 6, Brian Dumoulin 6) at 19:59
Zach Whitecloud (ULS) for Hooking (Minor) at 3:30
2nd period
5. Giants , Vincent Trocheck 5 (Alexander Romanov 10) at 8:49
Moritz Seider (ULS) for Interference (Minor) at 11:45
Scott Mayfield (LIS) for Holding (Minor) at 14:09
3rd period
6. Phantoms , Kevin Hayes 3 (Sebastian Aho 18) at 0:26
7. Phantoms , Sebastian Aho 16 (Brady Tkachuk 22, Brian Dumoulin 7) at 1:32
8. Phantoms , Andrew Mangiapane 5 (Jared McCann 5, Brian Dumoulin 8) at 19:06 (Empty Net)
Alex Ovechkin (ULS) for Delaying the game (Minor) at 10:56
Goalie Stats
Samuel Montembeault (LIS), 48 saves from 51 shots - (0.941), W, 9-6-0, 60:00 minutes
Juuse Saros (ULS), 28 saves from 32 shots - (0.875), L, 27-11-2, 59:25 minutes
3 StarsOfficial
1 - Sebastian Aho (LIS)
2 - Brian Dumoulin (LIS)
3 - Brady Tkachuk (LIS)
Referees : Unknown
Linesman : Unknown
Game Note
Andrew Mangiapane has scored in a empty net!
Finance
Level 1 -- Attendance: 4879 (81.32%) -- Ticket Income $487,900
Level 2 -- Attendance: 4027 (80.54%) -- Ticket Income $241,620
Level 3 -- Attendance: 1511 (75.55%) -- Ticket Income $52,885
Level 4 -- Attendance: 2915 (72.88%) -- Ticket Income $72,875
Luxury Box -- Attendance: 948 (94.80%) -- Ticket Income $189,600
Game was played at the Shankill Leisure Centre.
Total Attendance: 14280 (79.33%)
Total Ticket Income: $1,044,880
Other Income: $417,952
Total Income: $1,462,832



Team Name Goals Shots Shots Attemp Shots Blocked PIM HIT PP PK FO%
Phantoms 5335782270 / 3 (0%)039%
Giants 3518566210 / 1 (0%)061%

Phantoms
Player Name POS G A P +/- PIM HIT SHT SB MP PP MP PP SHT PK MP PK SHT FO% FOT
Alexis LafreniereLW/RW000001007:330:0000:0000% 0
Andrew MangiapaneLW/RW1120013014:150:0000:3700% 1
Brady TkachukLW0222044020:064:1610:30025% 8
Brayden PointC0000005023:060:0000:00053% 30
Brian DumoulinD0333010113:330:0000:0000% 0
Devon ToewsD000-2020018:272:4000:4800% 0
Dominik KubalikLW/RW1010022013:380:0000:000100% 1
Ilya LyubushkinD000100017:490:0000:0000% 0
Jared McCannC/LW0110013015:191:4110:00030% 23
Jesper BrattLW/RW0000000019:022:0701:2200% 2
Kevin HayesC/LW/RW1012002019:103:5000:0000% 1
Matthew TkachukLW/RW0000033026:422:0701:29060% 5
Michael AndersonD0003011114:210:0000:4800% 0
Scott MayfieldD000-2240217:382:4000:0000% 0
Sebastian AhoC2132016019:103:5010:00036% 36
Todd HarknessD0111034128:003:1711:1100% 0
Travis HamonicD0000030220:113:1701:1100% 0
Vince DunnD000000000:000:0000:0000% 0
Giants
Player Name POS G A P +/- PIM HIT SHT SB MP PP MP PP SHT PK MP PK SHT FO% FOT
Adam FoxD011000108:160:0000:4100% 0
Alex OvechkinLW/RW0000224018:101:0402:0700% 3
Alex PietrangeloD011-1014018:560:4222:4200% 0
Alexander RomanovD011-1010013:590:0000:0000% 0
Barrett HaytonC/LW000-100206:460:0000:000100% 1
Chandler StephensonC/LW000-100108:210:0001:35060% 10
El Burrito PeligrosoC/RW1010024018:131:0402:09025% 4
Filip ForsbergC/LW/RW1011006016:320:5510:00048% 21
Jake EvansC/RW000-2002014:410:0000:000100% 1
Joel EdmundsonD0000022119:301:1713:1500% 0
Kevin FialaLW/RW0111003018:390:5502:07025% 4
Mario FerraroD000-1013318:560:4212:4210% 0
Moritz SeiderD0000263026:071:1712:1800% 0
Sidney CrosbyC011-1016026:231:0413:33082% 33
Timo MeierLW/RW0001014016:320:5500:00033% 3
Tyler ToffoliLW/RW000-2002015:040:0000:23033% 3
Vincent TrocheckC101-2044114:410:0000:00067% 24
Zach WhitecloudD000-1200114:140:0000:1600% 0

Phantoms

5 vs 5 Forward
Line #Left WingCenterRight WingPHYDFOFWanted %Time %Time Play
1Matthew TkachukBrayden PointJesper Bratt1223030%15:33
2Brady TkachukSebastian AhoKevin Hayes1222829%15:20
3Dominik KubalikJared McCannAndrew Mangiapane1222626%13:38
4Alexis LafreniereBrayden PointMatthew Tkachuk1221615%7:33
5 vs 5 Defense
Line #DefenseDefensePHYDFOFWanted %Time %Time Play
1Todd HarknessTravis Hamonic1223030%15:43
2Scott MayfieldDevon Toews1222829%14:59
3Brian DumoulinMichael Anderson1222626%13:33
4Ilya LyubushkinTodd Harkness1221615%7:49
Power Play Forward
Line #Left WingCenterRight WingPHYDFOFWanted %Time %Time Play
1Matthew TkachukBrady TkachukJesper Bratt1225536%2:07
2Brady TkachukSebastian AhoKevin Hayes1224564%3:50
Power Play Defense
Line #DefenseDefensePHYDFOFWanted %Time %Time Play
1Todd HarknessTravis Hamonic1225555%3:17
2Scott MayfieldDevon Toews1224545%2:40
Penalty Kill 4 Players Forward
Line #CenterWingPHYDFOFWanted %Time %Time Play
1Matthew TkachukJesper Bratt1225575%1:29
2Brady TkachukJesper Bratt1224525%0:30
Penalty Kill 4 Players Defense
Line #DefenseDefensePHYDFOFWanted %Time %Time Play
1Todd HarknessTravis Hamonic1225560%1:11
2Scott MayfieldDevon Toews1224540%0:48
Penalty Kill 3 Players
Line #WingPHYDFOFWanted %Time %Time PlayDefenseDefensePHYDFOFWanted %Time %Time Play
1Matthew Tkachuk122550%0:00 Todd HarknessTravis Hamonic122550%0:00
2Matthew Tkachuk122450%0:00 Scott MayfieldDevon Toews122450%0:00
4 vs 4 Forward
Line #CenterWingPHYDFOFWanted %Time %Time Play
1Matthew TkachukJesper Bratt122550%0:00
2Brady TkachukJesper Bratt122450%0:00
4 vs 4 Defense
Line #DefensePHYDFOFWanted %Time %Time Play
1Todd HarknessTravis Hamonic122550%0:00
2Scott MayfieldDevon Toews122450%0:00
Last Minutes Offensive
Left WingCenterRight WingDefenseDefense
Matthew TkachukBrayden PointJesper BrattTodd HarknessTravis Hamonic
Last Minutes Defensive
Left WingCenterRight WingDefenseDefense
Matthew TkachukBrayden PointJesper BrattTodd HarknessTravis Hamonic
Time
Total ForwardTotal DefenseLast Minutes OffensiveLast Minutes Defensive
60:00 60:00 0:000:00
Extra Forwards
Normal PowerPlayPenalty Kill
Jared McCann, Dominik Kubalik, Andrew MangiapaneJared McCann, Dominik KubalikAndrew Mangiapane
Extra Defensemen
Normal PowerPlayPenalty Kill
Brian Dumoulin, Michael Anderson, Ilya LyubushkinBrian Dumoulin, Michael AndersonIlya Lyubushkin
Penalty Shots
Matthew Tkachuk, Brayden Point, Brady Tkachuk, Jesper Bratt, Sebastian Aho
Goalie
Samuel Montembeault, Elvis Merzlikins
Custom OT Lines Forwards
Matthew Tkachuk, Brayden Point, Brady Tkachuk, Jesper Bratt, Sebastian Aho, Jared McCann, Kevin Hayes, Dominik Kubalik, Andrew Mangiapane, Alexis Lafreniere
Custom OT Lines Defensemen
Todd Harkness, Travis Hamonic, Scott Mayfield, Devon Toews, Brian Dumoulin
Scratches
Eetu Luostarinen (Healthy), Pheonix Copley (Healthy)

Giants

5 vs 5 Forward
Line #Left WingCenterRight WingPHYDFOFWanted %Time %Time Play
1Alex OvechkinSidney CrosbyEl Burrito Peligroso1223029%15:00
2Kevin FialaFilip ForsbergTimo Meier1222830%15:37
3Tyler ToffoliVincent TrocheckJake Evans1222628%14:41
4Barrett HaytonChandler StephensonSidney Crosby1221613%6:46
5 vs 5 Defense
Line #DefenseDefensePHYDFOFWanted %Time %Time Play
1Moritz SeiderJoel Edmundson1223029%14:58
2Alex PietrangeloMario Ferraro1222830%15:32
3Alexander RomanovZach Whitecloud1222627%13:59
4Adam FoxMoritz Seider1221615%7:35
Power Play Forward
Line #Left WingCenterRight WingPHYDFOFWanted %Time %Time Play
1Alex OvechkinSidney CrosbyEl Burrito Peligroso1225554%1:04
2Kevin FialaFilip ForsbergTimo Meier1224546%0:55
Power Play Defense
Line #DefenseDefensePHYDFOFWanted %Time %Time Play
1Moritz SeiderJoel Edmundson1225565%1:17
2Alex PietrangeloMario Ferraro1224535%0:42
Penalty Kill 4 Players Forward
Line #CenterWingPHYDFOFWanted %Time %Time Play
1Sidney CrosbyAlex Ovechkin1225564%3:50
2El Burrito PeligrosoKevin Fiala1224536%2:07
Penalty Kill 4 Players Defense
Line #DefenseDefensePHYDFOFWanted %Time %Time Play
1Moritz SeiderJoel Edmundson1225555%3:15
2Alex PietrangeloMario Ferraro1224545%2:42
Penalty Kill 3 Players
Line #WingPHYDFOFWanted %Time %Time PlayDefenseDefensePHYDFOFWanted %Time %Time Play
1Sidney Crosby122550%0:00 Moritz SeiderJoel Edmundson122550%0:00
2Alex Ovechkin122450%0:00 Alex PietrangeloMario Ferraro122450%0:00
4 vs 4 Forward
Line #CenterWingPHYDFOFWanted %Time %Time Play
1Sidney CrosbyAlex Ovechkin122550%0:00
2El Burrito PeligrosoKevin Fiala122450%0:00
4 vs 4 Defense
Line #DefensePHYDFOFWanted %Time %Time Play
1Moritz SeiderJoel Edmundson122550%0:00
2Alex PietrangeloMario Ferraro122450%0:00
Last Minutes Offensive
Left WingCenterRight WingDefenseDefense
Alex OvechkinSidney CrosbyEl Burrito PeligrosoMoritz SeiderJoel Edmundson
Last Minutes Defensive
Left WingCenterRight WingDefenseDefense
Alex OvechkinSidney CrosbyEl Burrito PeligrosoMoritz SeiderJoel Edmundson
Time
Total ForwardTotal DefenseLast Minutes OffensiveLast Minutes Defensive
60:00 60:00 0:000:00
Extra Forwards
Normal PowerPlayPenalty Kill
Tyler Toffoli, Vincent Trocheck, Chandler StephensonTyler Toffoli, Vincent TrocheckChandler Stephenson
Extra Defensemen
Normal PowerPlayPenalty Kill
Alexander Romanov, Zach Whitecloud, Adam FoxAlexander Romanov, Zach WhitecloudAdam Fox
Penalty Shots
Sidney Crosby, Alex Ovechkin, El Burrito Peligroso, Kevin Fiala, Timo Meier
Goalie
Juuse Saros, Cayden Primeau
Custom OT Lines Forwards
Sidney Crosby, Alex Ovechkin, El Burrito Peligroso, Kevin Fiala, Timo Meier, Filip Forsberg, Tyler Toffoli, Vincent Trocheck, Chandler Stephenson, Barrett Hayton
Custom OT Lines Defensemen
Moritz Seider, Joel Edmundson, Alex Pietrangelo, Mario Ferraro, Alexander Romanov
Scratches
Nikita Kucherov (Right Knee Injury), Alexandre Carrier (Healthy), Taylor Raddysh (Healthy), Pyotr Kochetkov (Bruised Right Leg Injury)


Play-by-Play

1st period


0:01 of 1st period - Sidney Crosby wins face-off versus Brayden Point in neutral zone.
0:50 of 1st period - El Burrito Peligroso is hit by Matthew Tkachuk and loses puck.
1:04 of 1st period - Off-side.
1:05 of 1st period - Vincent Trocheck wins face-off versus Sebastian Aho in neutral zone.
1:14 of 1st period - Kevin Hayes is hit by Vincent Trocheck and loses puck.
1:33 of 1st period - Shot by Brady Tkachuk.
1:33 of 1st period - Stopped by Juuse Saros without a rebound.
1:34 of 1st period - Filip Forsberg wins face-off versus Jared McCann in Giants zone.
1:48 of 1st period - Shot by Filip Forsberg.
1:48 of 1st period - Goal by Filip Forsberg - Phantoms : 0 - Giants : 1.
1:49 of 1st period - Chandler Stephenson wins face-off versus Sebastian Aho in neutral zone.
2:07 of 1st period - Adam Fox is hit by Brady Tkachuk and loses puck.
2:20 of 1st period - Shot by Sebastian Aho.
2:20 of 1st period - Goal by Sebastian Aho - Phantoms : 1 - Giants : 1.
2:21 of 1st period - Brayden Point wins face-off versus Kevin Fiala in neutral zone.
2:49 of 1st period - Shot by Filip Forsberg.
2:49 of 1st period - Shot Blocked by Michael Anderson.
2:57 of 1st period - Mario Ferraro is hit by Alexis Lafreniere and loses puck.
3:20 of 1st period - Shot by Andrew Mangiapane.
3:20 of 1st period - Stopped by Juuse Saros with a rebound.
3:22 of 1st period - Shot by Jared McCann.
3:22 of 1st period - Stopped by Juuse Saros without a rebound.
3:23 of 1st period - Sebastian Aho wins face-off versus Vincent Trocheck in Giants zone.
3:23 of 1st period - Sebastian Aho is hit by Alexander Romanov.
3:30 of 1st period - Minor Penalty to Zach Whitecloud for Hooking.
3:31 of 1st period - Sidney Crosby wins face-off versus Sebastian Aho in Giants zone.
3:40 of 1st period - Brady Tkachuk is hit by Alex Ovechkin.
4:10 of 1st period - Shot by Mario Ferraro.
4:10 of 1st period - Stopped by Samuel Montembeault without a rebound.
4:11 of 1st period - Sidney Crosby wins face-off versus Brady Tkachuk in Phantoms zone.
4:26 of 1st period - Icing by Scott Mayfield.
4:27 of 1st period - Brady Tkachuk wins face-off versus El Burrito Peligroso in Phantoms zone.
4:40 of 1st period - Shot by Brady Tkachuk.
4:40 of 1st period - Stopped by Juuse Saros without a rebound.
4:41 of 1st period - Sidney Crosby wins face-off versus Sebastian Aho in Giants zone.
4:41 of 1st period - Sidney Crosby is hit by Sebastian Aho.
5:05 of 1st period - Shot by Jared McCann.
5:05 of 1st period - Shot Blocked by Joel Edmundson.
5:17 of 1st period - Shot by Todd Harkness.
5:17 of 1st period - Stopped by Juuse Saros without a rebound.
5:18 of 1st period - Brady Tkachuk wins face-off versus Sidney Crosby in Giants zone.
5:47 of 1st period - Shot by Vincent Trocheck.
5:47 of 1st period - Stopped by Samuel Montembeault without a rebound.
5:48 of 1st period - Sidney Crosby wins face-off versus Andrew Mangiapane in Phantoms zone.
5:59 of 1st period - Shot by El Burrito Peligroso.
5:59 of 1st period - Goal by El Burrito Peligroso - Phantoms : 1 - Giants : 2.
6:00 of 1st period - Vincent Trocheck wins face-off versus Sebastian Aho in neutral zone.
6:14 of 1st period - Shot by Brady Tkachuk.
6:14 of 1st period - Stopped by Juuse Saros without a rebound.
6:15 of 1st period - Sidney Crosby wins face-off versus Jared McCann in Giants zone.
6:27 of 1st period - Alex Ovechkin is hit by Scott Mayfield and loses puck.
6:53 of 1st period - Shot by El Burrito Peligroso.
6:53 of 1st period - Stopped by Samuel Montembeault with a rebound.
6:55 of 1st period - Shot by Moritz Seider.
6:55 of 1st period - Stopped by Samuel Montembeault without a rebound.
6:56 of 1st period - Vincent Trocheck wins face-off versus Brayden Point in Phantoms zone.
7:15 of 1st period - Shot by Brayden Point.
7:15 of 1st period - Shot Misses the Net.
7:21 of 1st period - Shot by Brayden Point.
7:21 of 1st period - Deflect By Jesper Bratt.
7:21 of 1st period - Shot Misses the Net.
7:35 of 1st period - Tyler Toffoli is hit by Matthew Tkachuk and loses puck.
8:06 of 1st period - Shot by Sebastian Aho.
8:06 of 1st period - Stopped by Juuse Saros without a rebound.
8:07 of 1st period - Jared McCann wins face-off versus Chandler Stephenson in Giants zone.
8:09 of 1st period - Andrew Mangiapane is hit by Moritz Seider and loses puck.
8:23 of 1st period - Dominik Kubalik is hit by Joel Edmundson and loses puck.
8:31 of 1st period - Off-side.
8:32 of 1st period - Timo Meier wins face-off versus Sebastian Aho in neutral zone.
8:51 of 1st period - Shot by Timo Meier.
8:51 of 1st period - Shot Blocked by Brian Dumoulin.
9:45 of 1st period - Brayden Point is hit by Moritz Seider.
9:51 of 1st period - Shot by Brayden Point.
9:51 of 1st period - Deflect By Matthew Tkachuk.
9:51 of 1st period - Shot Misses the Net.
10:08 of 1st period - Icing by Adam Fox.
10:09 of 1st period - Sidney Crosby wins face-off versus Jared McCann in Giants zone.
10:09 of 1st period - Sidney Crosby is hit by Jared McCann.
10:12 of 1st period - Icing by Adam Fox.
10:13 of 1st period - Sidney Crosby wins face-off versus Jared McCann in Giants zone.
10:13 of 1st period - Sidney Crosby is hit by Dominik Kubalik.
10:21 of 1st period - Jared McCann is hit by Alex Ovechkin and loses puck.
10:53 of 1st period - Shot by Vincent Trocheck.
10:53 of 1st period - Shot Misses the Net.
10:55 of 1st period - Shot by Zach Whitecloud.
10:55 of 1st period - Shot Misses the Net.
11:07 of 1st period - Shot by Vincent Trocheck.
11:07 of 1st period - Shot Misses the Net.
11:09 of 1st period - Shot by Vincent Trocheck.
11:09 of 1st period - Deflect By Tyler Toffoli.
11:09 of 1st period - Shot Misses the Net.
11:26 of 1st period - Off-side.
11:27 of 1st period - Brayden Point wins face-off versus Chandler Stephenson in neutral zone.
11:47 of 1st period - Shot by Jesper Bratt.
11:47 of 1st period - Shot Blocked by Mario Ferraro.
12:01 of 1st period - Shot by Matthew Tkachuk.
12:01 of 1st period - Deflect By Brayden Point.
12:01 of 1st period - Stopped by Juuse Saros without a rebound.
12:02 of 1st period - Filip Forsberg wins face-off versus Sebastian Aho in Giants zone.
12:24 of 1st period - Off-side.
12:25 of 1st period - Jake Evans wins face-off versus Brayden Point in neutral zone.
12:28 of 1st period - Todd Harkness is hit by Vincent Trocheck and loses puck.
12:44 of 1st period - Off-side.
12:45 of 1st period - Sidney Crosby wins face-off versus Sebastian Aho in neutral zone.
12:58 of 1st period - Scott Mayfield is hit by Moritz Seider and loses puck.
13:11 of 1st period - Shot by Sidney Crosby.
13:11 of 1st period - Stopped by Samuel Montembeault without a rebound.
13:12 of 1st period - Brayden Point wins face-off versus Kevin Fiala in Phantoms zone.
13:46 of 1st period - Shot by Filip Forsberg.
13:46 of 1st period - Stopped by Samuel Montembeault without a rebound.
13:47 of 1st period - Chandler Stephenson wins face-off versus Jared McCann in Phantoms zone.
13:58 of 1st period - Shot by Barrett Hayton.
13:58 of 1st period - Stopped by Samuel Montembeault with a rebound.
14:17 of 1st period - Off-side.
14:18 of 1st period - Sebastian Aho wins face-off versus Tyler Toffoli in neutral zone.
14:24 of 1st period - Icing by Alexander Romanov.
14:25 of 1st period - Brayden Point wins face-off versus Vincent Trocheck in Giants zone.
14:32 of 1st period - Shot by Brayden Point.
14:32 of 1st period - Shot Misses the Net.
14:43 of 1st period - Shot by Tyler Toffoli.
14:43 of 1st period - Shot Misses the Net.
14:57 of 1st period - Shot by Vincent Trocheck.
14:57 of 1st period - Shot Misses the Net.
14:59 of 1st period - Shot by Zach Whitecloud.
14:59 of 1st period - Shot Misses the Net.
15:04 of 1st period - Icing by Travis Hamonic.
15:05 of 1st period - Brayden Point wins face-off versus Alex Ovechkin in Phantoms zone.
15:37 of 1st period - Shot by Sidney Crosby.
15:37 of 1st period - Stopped by Samuel Montembeault without a rebound.
15:38 of 1st period - Sebastian Aho wins face-off versus Filip Forsberg in Phantoms zone.
15:38 of 1st period - Sebastian Aho is hit by Timo Meier.
15:47 of 1st period - Icing by Devon Toews.
15:48 of 1st period - Vincent Trocheck wins face-off versus Sebastian Aho in Phantoms zone.
15:48 of 1st period - Alexander Romanov is hit by Scott Mayfield and loses puck.
16:04 of 1st period - Icing by Devon Toews.
16:05 of 1st period - Sebastian Aho wins face-off versus Alex Ovechkin in Phantoms zone.
16:05 of 1st period - Sebastian Aho is hit by El Burrito Peligroso.
16:10 of 1st period - Devon Toews is hit by Moritz Seider and loses puck.
16:16 of 1st period - Kevin Hayes is hit by Moritz Seider and loses puck.
16:30 of 1st period - Brady Tkachuk is hit by Joel Edmundson and loses puck.
16:37 of 1st period - Shot by Brady Tkachuk.
16:37 of 1st period - Shot Hit the Post.
16:39 of 1st period - Shot by Sebastian Aho.
16:39 of 1st period - Shot Misses the Net.
16:48 of 1st period - Todd Harkness is hit by Moritz Seider and loses puck.
17:06 of 1st period - Shot by Andrew Mangiapane.
17:06 of 1st period - Shot Misses the Net.
17:08 of 1st period - Shot by Todd Harkness.
17:08 of 1st period - Stopped by Juuse Saros without a rebound.
17:09 of 1st period - Brayden Point wins face-off versus Filip Forsberg in Giants zone.
17:12 of 1st period - Shot by Jesper Bratt.
17:12 of 1st period - Shot Misses the Net.
17:41 of 1st period - Shot by Timo Meier.
17:41 of 1st period - Stopped by Samuel Montembeault with a rebound.
17:43 of 1st period - Shot by Alex Pietrangelo.
17:43 of 1st period - Stopped by Samuel Montembeault without a rebound.
17:44 of 1st period - Vincent Trocheck wins face-off versus Jared McCann in Phantoms zone.
17:59 of 1st period - Shot by Todd Harkness.
17:59 of 1st period - Shot Misses the Net.
18:03 of 1st period - Shot by Andrew Mangiapane.
18:03 of 1st period - Stopped by Juuse Saros without a rebound.
18:04 of 1st period - Chandler Stephenson wins face-off versus Sebastian Aho in Giants zone.
18:36 of 1st period - Shot by Brady Tkachuk.
18:36 of 1st period - Deflect By Sebastian Aho.
18:36 of 1st period - Stopped by Juuse Saros without a rebound.
18:37 of 1st period - Filip Forsberg wins face-off versus Jesper Bratt in Giants zone.
19:12 of 1st period - Icing by Ilya Lyubushkin.
19:13 of 1st period - Brayden Point wins face-off versus Vincent Trocheck in Phantoms zone.
19:30 of 1st period - Shot by Vincent Trocheck.
19:30 of 1st period - Shot Blocked by Ilya Lyubushkin.
19:59 of 1st period - Shot by Dominik Kubalik.
19:59 of 1st period - Goal by Dominik Kubalik - Phantoms : 2 - Giants : 2.
Goals for this period are 2 for Phantoms vs 2 for Giants.
Shots for this period are 13 for Phantoms vs 12 for Giants.

2nd period


0:01 of 2nd period - Sidney Crosby wins face-off versus Brayden Point in neutral zone.
0:25 of 2nd period - El Burrito Peligroso is hit by Travis Hamonic and loses puck.
0:36 of 2nd period - Shot by El Burrito Peligroso.
0:36 of 2nd period - Shot Misses the Net.
0:38 of 2nd period - Shot by Sidney Crosby.
0:38 of 2nd period - Shot Misses the Net.
0:47 of 2nd period - Off-side.
0:48 of 2nd period - Dominik Kubalik wins face-off versus Kevin Fiala in neutral zone.
0:52 of 2nd period - Off-side.
0:53 of 2nd period - Jared McCann wins face-off versus Filip Forsberg in neutral zone.
1:12 of 2nd period - Shot by Filip Forsberg.
1:12 of 2nd period - Shot Misses the Net.
1:57 of 2nd period - Icing by Brian Dumoulin.
1:58 of 2nd period - Chandler Stephenson wins face-off versus Jared McCann in Phantoms zone.
2:37 of 2nd period - Shot by Chandler Stephenson.
2:37 of 2nd period - Stopped by Samuel Montembeault without a rebound.
2:38 of 2nd period - Vincent Trocheck wins face-off versus Kevin Hayes in Phantoms zone.
2:38 of 2nd period - Tyler Toffoli is hit by Scott Mayfield and loses puck.
2:50 of 2nd period - Vincent Trocheck is hit by Scott Mayfield and loses puck.
3:01 of 2nd period - Off-side.
3:02 of 2nd period - Matthew Tkachuk wins face-off versus Filip Forsberg in neutral zone.
3:09 of 2nd period - Shot by Matthew Tkachuk.
3:09 of 2nd period - Stopped by Juuse Saros without a rebound.
3:10 of 2nd period - Brayden Point wins face-off versus Sidney Crosby in Giants zone.
3:13 of 2nd period - Shot by Matthew Tkachuk.
3:13 of 2nd period - Stopped by Juuse Saros without a rebound.
3:14 of 2nd period - Sidney Crosby wins face-off versus Brayden Point in Giants zone.
3:43 of 2nd period - Shot by Alex Ovechkin.
3:43 of 2nd period - Stopped by Samuel Montembeault with a rebound.
3:56 of 2nd period - Icing by Travis Hamonic.
3:57 of 2nd period - Brayden Point wins face-off versus Timo Meier in Phantoms zone.
4:24 of 2nd period - Shot by Filip Forsberg.
4:24 of 2nd period - Stopped by Samuel Montembeault without a rebound.
4:25 of 2nd period - Jared McCann wins face-off versus Vincent Trocheck in Phantoms zone.
4:57 of 2nd period - Shot by Vincent Trocheck.
4:57 of 2nd period - Shot Misses the Net.
5:30 of 2nd period - Shot by Alex Ovechkin.
5:30 of 2nd period - Shot Blocked by Scott Mayfield.
5:48 of 2nd period - Shot by Sidney Crosby.
5:48 of 2nd period - Stopped by Samuel Montembeault with a rebound.
5:50 of 2nd period - Shot by Joel Edmundson.
5:50 of 2nd period - Stopped by Samuel Montembeault with a rebound.
5:52 of 2nd period - Shot by El Burrito Peligroso.
5:52 of 2nd period - Stopped by Samuel Montembeault with a rebound.
6:38 of 2nd period - Shot by Brayden Point.
6:38 of 2nd period - Stopped by Juuse Saros without a rebound.
6:39 of 2nd period - Barrett Hayton wins face-off versus Jesper Bratt in Giants zone.
8:14 of 2nd period - Shot by Dominik Kubalik.
8:14 of 2nd period - Shot Misses the Net.
8:30 of 2nd period - Icing by Sebastian Aho.
8:31 of 2nd period - Sebastian Aho wins face-off versus Vincent Trocheck in Phantoms zone.
8:31 of 2nd period - Sebastian Aho is hit by Vincent Trocheck.
8:49 of 2nd period - Shot by Vincent Trocheck.
8:49 of 2nd period - Goal by Vincent Trocheck - Phantoms : 2 - Giants : 3.
8:50 of 2nd period - Sidney Crosby wins face-off versus Brayden Point in neutral zone.
8:57 of 2nd period - Shot by Sidney Crosby.
8:57 of 2nd period - Stopped by Samuel Montembeault without a rebound.
8:58 of 2nd period - Vincent Trocheck wins face-off versus Sebastian Aho in Phantoms zone.
9:11 of 2nd period - Shot by Tyler Toffoli.
9:11 of 2nd period - Deflect By Vincent Trocheck.
9:11 of 2nd period - Stopped by Samuel Montembeault without a rebound.
9:12 of 2nd period - Brayden Point wins face-off versus Sidney Crosby in Phantoms zone.
9:12 of 2nd period - Brayden Point is hit by Sidney Crosby.
9:20 of 2nd period - Shot by Alexis Lafreniere.
9:20 of 2nd period - Deflect By Brayden Point.
9:20 of 2nd period - Shot Misses the Net.
9:32 of 2nd period - Shot by Alex Ovechkin.
9:32 of 2nd period - Stopped by Samuel Montembeault without a rebound.
9:33 of 2nd period - Vincent Trocheck wins face-off versus Sebastian Aho in Phantoms zone.
9:33 of 2nd period - Vincent Trocheck is hit by Devon Toews.
9:50 of 2nd period - Shot by Tyler Toffoli.
9:50 of 2nd period - Stopped by Samuel Montembeault without a rebound.
9:51 of 2nd period - Matthew Tkachuk wins face-off versus Sidney Crosby in Phantoms zone.
10:01 of 2nd period - Off-side.
10:02 of 2nd period - Sebastian Aho wins face-off versus Filip Forsberg in neutral zone.
10:17 of 2nd period - Shot by Filip Forsberg.
10:17 of 2nd period - Deflect By Timo Meier.
10:17 of 2nd period - Stopped by Samuel Montembeault without a rebound.
10:18 of 2nd period - El Burrito Peligroso wins face-off versus Brayden Point in Phantoms zone.
11:06 of 2nd period - Icing by Zach Whitecloud.
11:07 of 2nd period - Jared McCann wins face-off versus Alex Ovechkin in Giants zone.
11:22 of 2nd period - Shot by Andrew Mangiapane.
11:22 of 2nd period - Shot Blocked by Zach Whitecloud.
11:45 of 2nd period - Minor Penalty to Moritz Seider for Interference.
11:46 of 2nd period - Sebastian Aho wins face-off versus Chandler Stephenson in Giants zone.
11:46 of 2nd period - Sebastian Aho is hit by Alex Pietrangelo.
12:21 of 2nd period - Icing by Todd Harkness.
12:22 of 2nd period - Sebastian Aho wins face-off versus El Burrito Peligroso in Phantoms zone.
12:38 of 2nd period - Off-side.
12:39 of 2nd period - Sidney Crosby wins face-off versus Brady Tkachuk in neutral zone.
13:41 of 2nd period - Shot by Jared McCann.
13:41 of 2nd period - Stopped by Juuse Saros without a rebound.
13:42 of 2nd period - Jared McCann wins face-off versus El Burrito Peligroso in Giants zone.
13:55 of 2nd period - Shot by Brayden Point.
13:55 of 2nd period - Stopped by Juuse Saros without a rebound.
13:56 of 2nd period - Filip Forsberg wins face-off versus Jared McCann in Giants zone.
14:01 of 2nd period - Shot by Kevin Fiala.
14:01 of 2nd period - Stopped by Samuel Montembeault without a rebound.
14:02 of 2nd period - Filip Forsberg wins face-off versus Jared McCann in Phantoms zone.
14:02 of 2nd period - Filip Forsberg is hit by Devon Toews.
14:09 of 2nd period - Minor Penalty to Scott Mayfield for Holding.
14:10 of 2nd period - Kevin Fiala wins face-off versus Matthew Tkachuk in Phantoms zone.
14:23 of 2nd period - Shot by Timo Meier.
14:23 of 2nd period - Shot Misses the Net.
14:33 of 2nd period - Shot by Joel Edmundson.
14:33 of 2nd period - Stopped by Samuel Montembeault with a rebound.
14:35 of 2nd period - Shot by Joel Edmundson.
14:35 of 2nd period - Deflect By Filip Forsberg.
14:35 of 2nd period - Shot Misses the Net.
14:37 of 2nd period - Shot by Moritz Seider.
14:37 of 2nd period - Shot Blocked by Todd Harkness.
15:15 of 2nd period - Shot by Alex Pietrangelo.
15:15 of 2nd period - Shot Misses the Net.
15:17 of 2nd period - Shot by Alex Pietrangelo.
15:17 of 2nd period - Stopped by Samuel Montembeault without a rebound.
15:18 of 2nd period - Sidney Crosby wins face-off versus Brady Tkachuk in Phantoms zone.
15:34 of 2nd period - Shot by Mario Ferraro.
15:34 of 2nd period - Stopped by Samuel Montembeault without a rebound.
15:35 of 2nd period - Filip Forsberg wins face-off versus Matthew Tkachuk in Phantoms zone.
15:38 of 2nd period - Shot by Filip Forsberg.
15:38 of 2nd period - Stopped by Samuel Montembeault with a rebound.
15:40 of 2nd period - Shot by Moritz Seider.
15:40 of 2nd period - Stopped by Samuel Montembeault without a rebound.
15:41 of 2nd period - Sidney Crosby wins face-off versus Brady Tkachuk in Phantoms zone.
16:05 of 2nd period - Shot by Sidney Crosby.
16:05 of 2nd period - Stopped by Samuel Montembeault without a rebound.
16:06 of 2nd period - Filip Forsberg wins face-off versus Brady Tkachuk in Phantoms zone.
16:07 of 2nd period - Shot by Alex Pietrangelo.
16:07 of 2nd period - Stopped by Samuel Montembeault without a rebound.
16:08 of 2nd period - Matthew Tkachuk wins face-off versus Filip Forsberg in Phantoms zone.
16:37 of 2nd period - Shot by Brady Tkachuk.
16:37 of 2nd period - Shot Misses the Net.
16:41 of 2nd period - Shot by Sebastian Aho.
16:41 of 2nd period - Shot Blocked by Vincent Trocheck.
16:43 of 2nd period - Shot by Sebastian Aho.
16:43 of 2nd period - Stopped by Juuse Saros without a rebound.
16:44 of 2nd period - Jared McCann wins face-off versus Chandler Stephenson in Giants zone.
18:07 of 2nd period - Shot by Brayden Point.
18:07 of 2nd period - Stopped by Juuse Saros without a rebound.
18:08 of 2nd period - Vincent Trocheck wins face-off versus Sebastian Aho in Giants zone.
18:34 of 2nd period - Shot by Jake Evans.
18:34 of 2nd period - Stopped by Samuel Montembeault without a rebound.
18:35 of 2nd period - Brayden Point wins face-off versus Filip Forsberg in Phantoms zone.
18:46 of 2nd period - Shot by Matthew Tkachuk.
18:46 of 2nd period - Shot Misses the Net.
18:56 of 2nd period - Shot by Kevin Fiala.
18:56 of 2nd period - Stopped by Samuel Montembeault with a rebound.
19:12 of 2nd period - Shot by Timo Meier.
19:12 of 2nd period - Stopped by Samuel Montembeault with a rebound.
19:28 of 2nd period - Shot by Sebastian Aho.
19:28 of 2nd period - Shot Misses the Net.
19:37 of 2nd period - Brady Tkachuk is hit by Mario Ferraro and loses puck.
Goals for this period are 0 for Phantoms vs 1 for Giants.
Shots for this period are 7 for Phantoms vs 23 for Giants.

3rd period


0:01 of 3rd period - Brayden Point wins face-off versus Sidney Crosby in neutral zone.
0:24 of 3rd period - Shot by Brayden Point.
0:24 of 3rd period - Stopped by Juuse Saros without a rebound.
0:25 of 3rd period - Sebastian Aho wins face-off versus Vincent Trocheck in Giants zone.
0:26 of 3rd period - Shot by Kevin Hayes.
0:26 of 3rd period - Goal by Kevin Hayes - Phantoms : 3 - Giants : 3.
0:27 of 3rd period - Vincent Trocheck wins face-off versus Sebastian Aho in neutral zone.
0:30 of 3rd period - Sebastian Aho is hit by Vincent Trocheck.
0:36 of 3rd period - Shot by Brady Tkachuk.
0:36 of 3rd period - Stopped by Juuse Saros without a rebound.
0:37 of 3rd period - Sidney Crosby wins face-off versus Brayden Point in Giants zone.
1:07 of 3rd period - Shot by Alex Ovechkin.
1:07 of 3rd period - Stopped by Samuel Montembeault without a rebound.
1:08 of 3rd period - Vincent Trocheck wins face-off versus Sebastian Aho in Phantoms zone.
1:23 of 3rd period - Zach Whitecloud is hit by Brady Tkachuk and loses puck.
1:32 of 3rd period - Shot by Sebastian Aho.
1:32 of 3rd period - Goal by Sebastian Aho - Phantoms : 4 - Giants : 3.
1:33 of 3rd period - Filip Forsberg wins face-off versus Jared McCann in neutral zone.
1:46 of 3rd period - Shot by Andrew Mangiapane.
1:46 of 3rd period - Shot Misses the Net.
2:11 of 3rd period - Icing by Adam Fox.
2:12 of 3rd period - Brayden Point wins face-off versus Filip Forsberg in Giants zone.
3:17 of 3rd period - Off-side.
3:18 of 3rd period - Sidney Crosby wins face-off versus Jared McCann in neutral zone.
3:23 of 3rd period - Shot by Alex Ovechkin.
3:23 of 3rd period - Shot Misses the Net.
3:25 of 3rd period - Shot by El Burrito Peligroso.
3:25 of 3rd period - Stopped by Samuel Montembeault without a rebound.
3:26 of 3rd period - Sidney Crosby wins face-off versus Sebastian Aho in Phantoms zone.
3:43 of 3rd period - Mario Ferraro is hit by Brady Tkachuk and loses puck.
3:53 of 3rd period - Alex Pietrangelo is hit by Brian Dumoulin and loses puck.
4:02 of 3rd period - Shot by Alex Ovechkin.
4:02 of 3rd period - Stopped by Samuel Montembeault without a rebound.
4:03 of 3rd period - Vincent Trocheck wins face-off versus Brayden Point in Phantoms zone.
4:26 of 3rd period - Shot by Todd Harkness.
4:26 of 3rd period - Stopped by Juuse Saros without a rebound.
4:27 of 3rd period - Chandler Stephenson wins face-off versus Jared McCann in Giants zone.
6:13 of 3rd period - Icing by Kevin Hayes.
6:14 of 3rd period - Sidney Crosby wins face-off versus Sebastian Aho in Phantoms zone.
6:17 of 3rd period - Shot by El Burrito Peligroso.
6:17 of 3rd period - Shot Misses the Net.
6:19 of 3rd period - Shot by Alex Ovechkin.
6:19 of 3rd period - Shot Misses the Net.
6:21 of 3rd period - Shot by Adam Fox.
6:21 of 3rd period - Stopped by Samuel Montembeault without a rebound.
6:22 of 3rd period - Sebastian Aho wins face-off versus Timo Meier in Phantoms zone.
6:33 of 3rd period - Shot by Kevin Hayes.
6:33 of 3rd period - Stopped by Juuse Saros without a rebound.
6:34 of 3rd period - Sidney Crosby wins face-off versus Jared McCann in Giants zone.
6:51 of 3rd period - Shot by Alex Ovechkin.
6:51 of 3rd period - Shot Misses the Net.
7:21 of 3rd period - Off-side.
7:22 of 3rd period - Vincent Trocheck wins face-off versus Brayden Point in neutral zone.
7:40 of 3rd period - Icing by Todd Harkness.
7:41 of 3rd period - Filip Forsberg wins face-off versus Brayden Point in Phantoms zone.
7:41 of 3rd period - Mario Ferraro is hit by Travis Hamonic.
7:47 of 3rd period - Shot by Kevin Fiala.
7:47 of 3rd period - Shot Blocked by Travis Hamonic.
7:54 of 3rd period - Shot by Mario Ferraro.
7:54 of 3rd period - Stopped by Samuel Montembeault with a rebound.
7:56 of 3rd period - Shot by Filip Forsberg.
7:56 of 3rd period - Deflect By Timo Meier.
7:56 of 3rd period - Stopped by Samuel Montembeault without a rebound.
7:57 of 3rd period - Vincent Trocheck wins face-off versus Sebastian Aho in Phantoms zone.
8:00 of 3rd period - Shot by Jake Evans.
8:00 of 3rd period - Stopped by Samuel Montembeault without a rebound.
8:01 of 3rd period - Sidney Crosby wins face-off versus Sebastian Aho in Phantoms zone.
8:01 of 3rd period - Moritz Seider is hit by Michael Anderson and loses puck.
8:39 of 3rd period - Sidney Crosby is hit by Brady Tkachuk and loses puck.
9:50 of 3rd period - Shot by Todd Harkness.
9:50 of 3rd period - Stopped by Juuse Saros without a rebound.
9:51 of 3rd period - Chandler Stephenson wins face-off versus Jared McCann in Giants zone.
9:51 of 3rd period - Chandler Stephenson is hit by Dominik Kubalik.
10:14 of 3rd period - Shot by Jared McCann.
10:14 of 3rd period - Stopped by Juuse Saros without a rebound.
10:15 of 3rd period - Brayden Point wins face-off versus Filip Forsberg in Giants zone.
10:29 of 3rd period - Kevin Fiala is hit by Todd Harkness and loses puck.
10:39 of 3rd period - Timo Meier is hit by Todd Harkness and loses puck.
10:52 of 3rd period - Shot by Kevin Fiala.
10:52 of 3rd period - Stopped by Samuel Montembeault without a rebound.
10:53 of 3rd period - Sebastian Aho wins face-off versus Sidney Crosby in Phantoms zone.
10:53 of 3rd period - Sebastian Aho is hit by El Burrito Peligroso.
10:56 of 3rd period - Minor Penalty to Alex Ovechkin for Delaying the game.
10:57 of 3rd period - Sidney Crosby wins face-off versus Sebastian Aho in Giants zone.
11:11 of 3rd period - Icing by Scott Mayfield.
11:12 of 3rd period - Sidney Crosby wins face-off versus Sebastian Aho in Phantoms zone.
11:35 of 3rd period - Shot by Sebastian Aho.
11:35 of 3rd period - Stopped by Juuse Saros without a rebound.
11:36 of 3rd period - Sidney Crosby wins face-off versus Brady Tkachuk in Giants zone.
13:01 of 3rd period - Shot by Brayden Point.
13:01 of 3rd period - Deflect By Matthew Tkachuk.
13:01 of 3rd period - Stopped by Juuse Saros without a rebound.
13:02 of 3rd period - Brayden Point wins face-off versus Tyler Toffoli in Giants zone.
13:13 of 3rd period - Shot by Brayden Point.
13:13 of 3rd period - Shot Misses the Net.
13:19 of 3rd period - Shot by Tyler Toffoli.
13:19 of 3rd period - Stopped by Samuel Montembeault without a rebound.
13:20 of 3rd period - Jared McCann wins face-off versus Filip Forsberg in Phantoms zone.
13:37 of 3rd period - Shot by Dominik Kubalik.
13:37 of 3rd period - Stopped by Juuse Saros without a rebound.
13:38 of 3rd period - Tyler Toffoli wins face-off versus Sebastian Aho in Giants zone.
13:45 of 3rd period - Shot by Alex Pietrangelo.
13:45 of 3rd period - Stopped by Samuel Montembeault without a rebound.
13:46 of 3rd period - Sidney Crosby wins face-off versus Brayden Point in Phantoms zone.
14:07 of 3rd period - El Burrito Peligroso is hit by Travis Hamonic and loses puck.
14:16 of 3rd period - Shot by Sidney Crosby.
14:16 of 3rd period - Stopped by Samuel Montembeault without a rebound.
14:17 of 3rd period - Vincent Trocheck wins face-off versus Sebastian Aho in Phantoms zone.
14:26 of 3rd period - Shot by Vincent Trocheck.
14:26 of 3rd period - Stopped by Samuel Montembeault without a rebound.
14:27 of 3rd period - Filip Forsberg wins face-off versus Jared McCann in Phantoms zone.
14:36 of 3rd period - Shot by Filip Forsberg.
14:36 of 3rd period - Stopped by Samuel Montembeault with a rebound.
14:42 of 3rd period - Alexander Romanov is hit by Andrew Mangiapane and loses puck.
14:47 of 3rd period - Shot by Michael Anderson.
14:47 of 3rd period - Stopped by Juuse Saros without a rebound.
14:48 of 3rd period - Sidney Crosby wins face-off versus Brayden Point in Giants zone.
14:52 of 3rd period - El Burrito Peligroso is hit by Matthew Tkachuk and loses puck.
14:59 of 3rd period - Shot by Moritz Seider.
14:59 of 3rd period - Stopped by Samuel Montembeault with a rebound.
15:11 of 3rd period - Shot by Sidney Crosby.
15:11 of 3rd period - Shot Misses the Net.
15:13 of 3rd period - Shot by El Burrito Peligroso.
15:13 of 3rd period - Shot Blocked by Travis Hamonic.
15:18 of 3rd period - Alex Ovechkin is hit by Todd Harkness and loses puck.
15:33 of 3rd period - Icing by Travis Hamonic.
15:34 of 3rd period - Brayden Point wins face-off versus Vincent Trocheck in Phantoms zone.
15:48 of 3rd period - Off-side.
15:49 of 3rd period - Sebastian Aho wins face-off versus Filip Forsberg in neutral zone.
16:04 of 3rd period - Shot by Filip Forsberg.
16:04 of 3rd period - Shot Blocked by Scott Mayfield.
16:07 of 3rd period - Icing by Sebastian Aho.
16:08 of 3rd period - Sebastian Aho wins face-off versus Vincent Trocheck in Phantoms zone.
16:29 of 3rd period - Shot by Vincent Trocheck.
16:29 of 3rd period - Shot Misses the Net.
17:41 of 3rd period - Shot by Sidney Crosby.
17:41 of 3rd period - Shot Misses the Net.
17:43 of 3rd period - Shot by Moritz Seider.
17:43 of 3rd period - Shot Misses the Net.
17:45 of 3rd period - Shot by Barrett Hayton.
17:45 of 3rd period - Stopped by Samuel Montembeault with a rebound.
18:21 of 3rd period - Shot by Timo Meier.
18:21 of 3rd period - Shot Misses the Net.
18:23 of 3rd period - Shot by Alexander Romanov.
18:23 of 3rd period - Shot Hit the Post.
18:25 of 3rd period - Shot by Timo Meier.
18:25 of 3rd period - Shot Misses the Net.
18:27 of 3rd period - Shot by Filip Forsberg.
18:27 of 3rd period - Stopped by Samuel Montembeault without a rebound.
18:28 of 3rd period - Sidney Crosby wins face-off versus Jared McCann in Phantoms zone.
18:31 of 3rd period - Giants, Juuse Saros is pulled from the net.
18:50 of 3rd period - Shot by Dominik Kubalik.
18:50 of 3rd period - Deflect By Andrew Mangiapane.
18:50 of 3rd period - Shot Blocked by Mario Ferraro.
18:52 of 3rd period - Shot by Andrew Mangiapane.
18:52 of 3rd period - Shot Misses the Net.
18:54 of 3rd period - Shot by Brian Dumoulin.
18:54 of 3rd period - Shot Misses the Net.
18:56 of 3rd period - Shot by Jared McCann.
18:56 of 3rd period - Shot Blocked by Mario Ferraro.
19:06 of 3rd period - Shot by Andrew Mangiapane.
19:06 of 3rd period - Goal by Andrew Mangiapane - Phantoms : 5 - Giants : 3.
19:06 of 3rd period - Juuse Saros from Giants was sent back in the game.
19:07 of 3rd period - Vincent Trocheck wins face-off versus Brayden Point in neutral zone.
19:12 of 3rd period - Shot by Tyler Toffoli.
19:12 of 3rd period - Shot Misses the Net.
Goals for this period are 3 for Phantoms vs 0 for Giants.
Shots for this period are 13 for Phantoms vs 16 for Giants.